[Event "Early-Titled-Tuesday-Blitz-January-16-2024"]
[Site "Chess.com"]
[Date "2024.01.16"]
[Round "8"]
[White "MathiasWomacka"]
[Black "stasOR4ik"]
[Result "0-1"]
[WhiteElo "2564"]
[BlackElo "2420"]
[TimeControl "180+1"]
[EndTime "9:32:34 PST"]
[Termination "stasOR4ik won on time"]

1. e4 c6 2. d4 d5 3. Nd2 dxe4 4. Nxe4 Nf6 5. Nxf6+ exf6 6. Bc4 Be6 7. Bb3 Bd6 8. Ne2 Qc7 9. c4 O-O 10. c5 Be7 11. Bxe6 fxe6 12. Qb3 Qd7 13. Nf4 Kf7 14. Be3 Na6 15. O-O Nc7 16. Rfe1 Rfe8 17. Rad1 Bf8 18. Bc1 Nd5 19. Nxd5 exd5 20. Bf4 g5 21. Bg3 Bg7 22. h4 h6 23. Qf3 Kg6 24. Bd6 Rxe1+ 25. Rxe1 Re8 26.
h5+ Kf7 27. Rxe8 Qxe8 28. Qf5 Kg8 29. g4 Qe1+ 30. Kg2 Qe4+ 31. Qxe4 dxe4 32. f3 f5 33. gxf5 exf3+ 34. Kxf3 Bxd4 35. b3 Kf7 36. Ke4 Bf6 37. a4 Be7 0-1

[Event "Early-Titled-Tuesday-Blitz-January-16-2024"]
[Site "Chess.com"]
[Date "2024.01.16"]
[Round "8"]
[White "Sebastian"]
[Black "GiorgianBarbosa"]
[Result "1-0"]
[WhiteElo "2947"]
[BlackElo "2610"]
[TimeControl "180+1"]
[EndTime "9:32:37 PST"]
[Termination "Sebastian won on time"]

1. e4 c5 2. Nf3 g6 3. d4 cxd4 4. Nxd4 Bg7 5. c4 Nc6 6. Be3 Nf6 7. Nc3 O-O 8. Be2 Nxd4 9. Bxd4 d6 10. Qd2 Bd7 11. f3 Bc6 12. O-O-O a6 13. Kb1 b5 14. h4 bxc4 15. Bxc4 Qc7 16. Rc1 Qb7 17. h5 Rfc8 18. h6 Bh8 19. g4 Rab8 20. Rc2 a5 21. Rhc1 a4 22. g5 Nh5 23. Bxh8 Kxh8 24.
Nd5 e6 25. Qd4+ e5 26. Qd2 Kg8 27. a3 Qa7 28. Nb4 Bd7 29. Qxd6 Be8 30. Qxe5 Rc5 31. Nd5 Qb7 32. Qd4 Rcc8 33. Nf6+ Nxf6 34. Qxf6 Kf8 35. Qg7+ Ke7 36. Qe5+ Kf8 37. Bd5 1-0

[Event "Early-Titled-Tuesday-Blitz-January-16-2024"]
[Site "Chess.com"]
[Date "2024.01.16"]
[Round "8"]
[White "MasterofMasters2006"]
[Black "tusplingher"]
[Result "0-1"]
[WhiteElo "2247"]
[BlackElo "2484"]
[TimeControl "180+1"]
[EndTime "9:32:37 PST"]
[Termination "tusplingher won on time"]

1. d4 Nf6 2. c4 e6 3. Nf3 b6 4. g3 Bb7 5. Bg2 Bb4+ 6. Bd2 Qe7 7. O-O Bxd2 8. Qxd2 O-O 9. Nc3 Ne4 10. Qc2 Nxc3 11.
Qxc3 d6 12. Rfe1 Nd7 13. e4 e5 14. Rad1 Rfe8 15. b4 exd4 16. Nxd4 Qf6 17. Qd2 Rab8 18. Nb5 Ne5 19. f4 Nxc4 20. Qc2 d5 21. e5 Qe7 22. a3 a6 23. Nd4 Nxa3 24. Qb3 Nb5 25. Nxb5 axb5 26. Bxd5 c6 27. Be4 Red8 28. Kg2 Rxd1 29.
Rxd1 Rd8 30. Qc2 Rxd1 31. Qxd1 g6 32. Qd4 c5 33. bxc5 bxc5 34. Qe3 c4 0-1

[Event "Early-Titled-Tuesday-Blitz-January-16-2024"]
[Site "Chess.com"]
[Date "2024.01.16"]
[Round "8"]
[White "Zampronha1971"]
[Black "UNSTOPPABLE_LEGEND"]
[Result "0-1"]
[WhiteElo "2345"]
[BlackElo "2511"]
[TimeControl "180+1"]
[EndTime "9:32:37 PST"]
[Termination "UNSTOPPABLE_LEGEND won on time"]

1. e4 c5 2. Nf3 d6 3. d4 cxd4 4. Nxd4 Nf6 5. Nc3 a6 6. Bg5 e6 7.
f4 Be7 8. Qf3 Qc7 9. O-O-O Nbd7 10. Bd3 b5 11. Rhe1 Bb7 12. Qg3 b4 13. Nd5 exd5 14.
exd5 Kd8 15. Nc6+ Bxc6 16. dxc6 Nc5 17. Bc4 Qxc6 18. Bxf6 Bxf6 19. Bd5 Qa4 20. Bxa8 Qxa2 21. Rxd6+ Kc7 22. Rxf6 gxf6 23. f5+ Kc8 24. Qd6 Qa1+ 25. Kd2 Qa5 26. Qc6+ Kb8 27. Re8+ Rxe8 28. Qxe8+ Ka7 29.
Bd5 b3+ 30. c3 Qc7 31. Qxf7 Qxf7 32. Bxf7 Kb6 33. g4 Kc6 34. h4 h6 35. Bc4 Kd6 36. Ke3 Ke5 37. Kf3 a5 38. Ke3 a4 39.
Kf3 a3 40. bxa3 b2 41. Ba2 Ne4 42. a4 Nxc3 43. a5 Nxa2 44. a6 b1=Q 0-1

[Event "Early-Titled-Tuesday-Blitz-January-16-2024"]
[Site "Chess.com"]
[Date "2024.01.16"]
[Round "8"]
[White "HajiyevKanan"]
[Black "GMKrikor"]
[Result "1-0"]
[WhiteElo "2578"]
[BlackElo "2733"]
[TimeControl "180+1"]
[EndTime "9:32:41 PST"]
[Termination "HajiyevKanan won on time"]

1. d4 Nf6 2. Nf3 g6 3. g3 Bg7 4. Bg2 d5 5. O-O O-O 6. b3 c5 7. Bb2 Ne4 8. e3 Nc6 9. Nbd2 Bf5 10. c3 Qb6 11. Nh4 Nxd2 12. Qxd2 Be6 13. f4 Rad8 14.
Kh1 Bc8 15. f5 Qc7 16. g4 Bf6 17. Qf2 e5 18. fxe6 fxe6 19. Qe1 e5 20. h3 Qe7 21. Nf3 e4 22. Nd2 cxd4 23. exd4 Bg5 24. Qe2 Rde8 25. c4 Be6 26. cxd5 Bxd5 27. Nc4 Qe6 28.
Ne5 Nxe5 29. dxe5 e3 30. Rad1 Rxf1+ 31. Rxf1 Rd8 32. Kg1 Bxg2 33. Qxg2 b6 34. Qb7 Rd7 35. Qc8+ Bd8 36. Rf6 Qd5 37. e6 Qd1+ 38. Kg2 1-0

[Event "Early-Titled-Tuesday-Blitz-January-16-2024"]
[Site "Chess.com"]
[Date "2024.01.16"]
[Round "8"]
[White "Iball95"]
[Black "Yaacovn"]
[Result "1-0"]
[WhiteElo "2766"]
[BlackElo "2875"]
[TimeControl "180+1"]
[EndTime "9:32:42 PST"]
[Termination "Iball95 won by resignation"]

1. e4 c6 2. c4 d5 3. exd5 Nf6 4. d4 cxd5 5. Nc3 e6 6. c5 Ne4 7. Qc2 f5 8. Bf4 Be7 9. f3 Nf6 10. Bb5+ Bd7 11. Nge2 O-O 12. O-O a6 13. Bd3 Nc6 14.
a3 Re8 15. b4 Bf8 16. Kh1 g6 17. Rab1 Bg7 18. a4 e5 19. dxe5 Nxe5 20. Rfd1 Qe7 21. Nd4 Nh5 22. Nxd5 Qh4 23. g3 Nxg3+ 24. Bxg3 Qxd4 25.
Be2 Nc6 26. Rxd4 Nxd4 27. Qc4 Be6 28. Bf1 Rad8 29. Bd6 Nxf3 30. Rd1 Ng5 31. Bg2 Ne4 32. Bxe4 fxe4 33. Qxe4 Bf5 34. Ne7+ Kh8 35. Qxb7 Rd7 36. Qc6 Bg4 37. Rg1 Be6 38. Re1 Bf5 39. Re2 h5 40.
Nxf5 Rxe2 41. Qxd7 1-0

[Event "Early-Titled-Tuesday-Blitz-January-16-2024"]
[Site "Chess.com"]
[Date "2024.01.16"]
[Round "8"]
[White "otrov-11"]
[Black "Witik"]
[Result "1-0"]
[WhiteElo "2511"]
[BlackElo "2757"]
[TimeControl "180+1"]
[EndTime "9:32:42 PST"]
[Termination "otrov-11 won by resignation"]

1. d4 d5 2. c4 c6 3. Nf3 Nf6 4. g3 g6 5. Bg2 Bg7 6. O-O O-O 7. Qb3 Qb6 8. c5 Qa6 9. Nc3 b6 10. cxb6 axb6 11. Re1 Bf5 12. Bf4 Nbd7 13. Ne5 Nxe5 14.
Bxe5 Rfd8 15. Rac1 Be6 16. Qc2 c5 17. e4 cxd4 18. Bxd4 Rac8 19. exd5 Bxd5 20. Bxf6 Bxf6 21. Bxd5 Rxd5 22. Nxd5 Rxc2 23. Rxc2 Qxa2 24. Nf4 Kg7 25. Rce2 h5 26. h4 Qb3 27. Rd2 Qf3 28. Re3 Qc6 29. Re1 e6 30. Rde2 Qf3 31. Rd2 g5 32. hxg5 Bxg5 33.
Re3 Qg4 34. Rd4 Kh7 35. Nxe6 Bxe3 36. Rxg4 hxg4 37. Nd8 Kg6 38. fxe3 f6 39. Kf2 Kf5 40. Nc6 Ke4 41. Ke2 Kd5 42. Nd4 Kc4 43. Kd2 b5 1-0

[Event "Early-Titled-Tuesday-Blitz-January-16-2024"]
[Site "Chess.com"]
[Date "2024.01.16"]
[Round "8"]
[White "santosalberto1987"]
[Black "GMJustin"]
[Result "1-0"]
[WhiteElo "2503"]
[BlackElo "2319"]
[TimeControl "180+1"]
[EndTime "9:32:42 PST"]
[Termination "santosalberto1987 won on time"]

1. e4 e5 2. Nf3 Nc6 3. Bc4 Nf6 4. d3 Be7 5. O-O O-O 6. c3 d6 7. Bb3 Na5 8. Bc2 c5 9. h3 Nc6 10. d4 cxd4 11. cxd4 d5 12. exd5 Nxd4 13. Nxd4 exd4 14. Qxd4 Qxd5 15. Qh4 Bf5 16. Nc3 Qa5 17. Qg5 g6 18. Re1 Nd5 19. Rxe7 Nxe7 20. g4 f6 21. Bb3+ Kh8 22. Qe3 Rae8 23. gxf5 Nxf5 24. Qd2 Nh4 25. Bd5 Re5 26. f4 Re7 27. Qd3 Qc5+ 28. Kf1 Rfe8 29.
Bd2 Nf5 30. Re1 Rxe1+ 31. Bxe1 Ne3+ 32. Ke2 Nxd5+ 33. Kd1 Nxc3+ 34. Bxc3 Qf5 35. Bd4 1-0

[Event "Early-Titled-Tuesday-Blitz-January-16-2024"]
[Site "Chess.com"]
[Date "2024.01.16"]
[Round "8"]
[White "ClayK1ng"]
[Black "RCone"]
[Result "0-1"]
[WhiteElo "2296"]
[BlackElo "2439"]
[TimeControl "180+1"]
[EndTime "9:32:42 PST"]
[Termination "RCone won by resignation"]

1. e4 d6 2. d4 Nf6 3. Nc3 g6 4. Bc4 Bg7 5. h3 O-O 6. Bb3 Nc6 7. a3 e5 8. dxe5 dxe5 9. Qxd8 Rxd8 10. Bg5 Be6 11.
Bxe6 fxe6 12. Nf3 Nd4 13. Rc1 Nxf3+ 14. gxf3 Rd7 15. Ke2 Nh5 16. Rcd1 Rf7 17. Rd3 Nf4+ 18. Bxf4 exf4 19. Rhd1 Re8 20. b4 Be5 21. Nb5 a6 22.
Nd4 Kg7 23. Nb3 b6 24. c4 Kf6 25. c5 g5 26. R1d2 h5 27. Rc2 Rb8 28. cxb6 cxb6 29. Rc6 Rc7 30. Rxc7 Bxc7 31. Rd7 Be5 32. Ra7 Rc8 33.
Rxa6 Rc3 34. Nd2 Rc2 35. Kd3 Ra2 36. a4 Ra3+ 37. Ke2 Bc3 38. Rxb6 Ra2 39. Rd6 Bxb4 40. Rd4 Bxd2 41. Rxd2 Rxa4 42. Rc2 Ra3 43. Rd2 Ke5 44.
Rc2 Rb3 45. Rd2 g4 46. hxg4 hxg4 47. fxg4 f3+ 48. Kf1 Rb1+ 0-1

[Event "Early-Titled-Tuesday-Blitz-January-16-2024"]
[Site "Chess.com"]
[Date "2024.01.16"]
[Round "8"]
[White "Chessbard1972"]
[Black "DarZay"]
[Result "0-1"]
[WhiteElo "2379"]
[BlackElo "2262"]
[TimeControl "180+1"]
[EndTime "9:32:42 PST"]
[Termination "DarZay won on time"]

1. e4 c5 2. Nc3 g6 3. f4 Bg7 4. Nf3 Nc6 5. Bc4 Nd4 6. O-O d6 7. Ne2 e5 8. d3 Nxf3+ 9. Rxf3 Bg4 10. Rg3 Qd7 11. h3 Bxe2 12. Qxe2 exf4 13. Bxf4 Bxb2 14.
Rb1 Bd4+ 15. Be3 Bxe3+ 16. Qxe3 Ne7 17. Qh6 O-O-O 18. Bxf7 d5 19. Qe3 d4 20. Qg5 b6 21.
Rf3 Rhf8 22. Rf6 Qc7 23. Rbf1 Kb8 24. Bc4 Rxf6 25. Qxf6 Nc6 26. Bd5 Nb4 27. Bb3 Qd6 28. Qg7 Rd7 29. Rf8+ Kb7 30. Qg8 Qg3 31. Qe6 Qd6 32. Qe8 Ka6 33. Qc8+ Ka5 34. a3 Nc6 35. Qe8 Rd8 36. Qf7 Rxf8 37. Qc4 b5 0-1

[Event "Early-Titled-Tuesday-Blitz-January-16-2024"]
[Site "Chess.com"]
[Date "2024.01.16"]
[Round "8"]
[White "crazy_m_attack"]
[Black "JimDiGrease"]
[Result "0-1"]
[WhiteElo "2480"]
[BlackElo "2972"]
[TimeControl "180+1"]
[EndTime "9:32:45 PST"]
[Termination "JimDiGrease won by resignation"]

1. e4 c5 2. Nf3 e6 3. d4 cxd4 4. Nxd4 Nf6 5. Nc3 Nc6 6. Ndb5 Bc5 7. Bf4 O-O 8. Bc7 Qe7 9. Bd6 Bxd6 10. Qxd6 Qd8 11. Nc7 Rb8 12. Be2 b5 13. e5 Ne8 14.
Nxe8 b4 15. Ne4 Rxe8 16. O-O Rf8 17. f4 Rb6 18. Qc5 Ne7 19. Nd6 Nd5 20. Bf3 Nxf4 21. Be4 Ng6 22. Bxg6 hxg6 23. Rf2 Bb7 24. Raf1 Qg5 25.
Nxb7 Rxb7 26. Rxf7 Rxf7 27. Qc8+ Kh7 28. Rxf7 Rb5 29.
Rf3 Qc1+ 30. Kf2 Qd2+ 31. Kf1 Rxe5 32. Rh3+ Rh5 33. Rxh5+ gxh5 34. Qc5 d5 35. h3 Qc1+ 36. Kf2 Qxb2 37. Kg1 Qc3 38. Qf2 d4 39. Qe2 Qe3+ 40. Qxe3 dxe3 41. Kf1 Kg6 42. Ke2 Kf5 43. Kxe3 Ke5 44.
h4 Kd5 45. Kf4 e5+ 46. Ke3 g6 47. g3 e4 48. Kf4 Kd4 0-1

[Event "Early-Titled-Tuesday-Blitz-January-16-2024"]
[Site "Chess.com"]
[Date "2024.01.16"]
[Round "8"]
[White "PepeCuenca"]
[Black "Statham_01"]
[Result "1-0"]
[WhiteElo "2705"]
[BlackElo "2546"]
[TimeControl "180+1"]
[EndTime "9:32:45 PST"]
[Termination "PepeCuenca won on time"]

1. d4 e6 2. Bf4 Nf6 3. e3 d5 4.
Nf3 c5 5. c3 Nc6 6. Nbd2 Bd6 7.
Bg3 O-O 8. Bd3 Re8 9. Ne5 Qc7 10. f4 Ne7 11. Bh4 Nf5 12. Bxf6 gxf6 13. Ng4 Qe7 14. Qf3 Ng7 15. Bxh7+ Kf8 16. Bc2 e5 17. fxe5 fxe5 18. Nf6 e4 19. Qf2 Bf5 20. Nxe8 Rxe8 21. O-O-O b5 22.
dxc5 Bxc5 23. Nb3 Bb6 24. Nd4 Bg6 25. Nxb5 Rb8 26. Rxd5 a6 27. Nd4 Kg8 28. Nc6 Qe6 29. Bb3 Rc8 30. Rd8+ Qe8 31. Rxe8+ Rxe8 32. Nd4 a5 33.
Rf1 a4 34. Bxf7+ Bxf7 35. Qxf7+ Kh8 36. Rf4 Bd8 37. Rg4 Rg8 38. Rg6 1-0

[Event "Early-Titled-Tuesday-Blitz-January-16-2024"]
[Site "Chess.com"]
[Date "2024.01.16"]
[Round "8"]
[White "Makswolf200817"]
[Black "BelyakovBogdan"]
[Result "1-0"]
[WhiteElo "2667"]
[BlackElo "2493"]
[TimeControl "180+1"]
[EndTime "9:32:45 PST"]
[Termination "Makswolf200817 won by checkmate"]

1. d4 Nf6 2. c4 g6 3. g3 Bg7 4. Bg2 O-O 5. Nc3 d6 6. Nf3 Nc6 7. O-O a6 8. d5 Na5 9. b3 c5 10. dxc6 Nxc6 11. Bg5 h6 12. Be3 Be6 13. Ne1 Rb8 14. Rc1 Ne5 15. f4 Neg4 16. Ba7 Ra8 17. Bd4 Nd7 18. Bxb7 Qa5 19. Bxa8 Rxa8 20. Nf3 Qh5 21.
Bxg7 Kxg7 22. Qd4+ Kh7 23. Nd5 Bxd5 24. cxd5 Ndf6 25. e4 a5 26. Kg2 a4 27. b4 a3 28.
h3 Ra4 29. hxg4 Qxg4 30. Nh2 Qe2+ 31. Rf2 Qb5 32. Qc4 Qb6 33. Rb1 Qe3 34. Re2 Qb6 35.
e5 Nh5 36. exd6 exd6 37. Qc6 Qa7 38. Ng4 Ra6 39. Qe8 Qb7 40. Qf8 Ra8 41. Qxh6+ Kg8 42. Qg5 Qb5 43. Rbe1 Rf8 44. Nf6+ Nxf6 45. Qxf6 Qxd5+ 46. Kh2 Qh5+ 47. Qh4 Qd5 48. Re8 Qxa2+ 49. Kh3 f6 50.
Rxf8+ Kxf8 51. Qh8+ Kf7 52. Qe8+ Kg7 53. Re7+ Kh6 54.
Qh8# 1-0

[Event "Early-Titled-Tuesday-Blitz-January-16-2024"]
[Site "Chess.com"]
[Date "2024.01.16"]
[Round "8"]
[White "FM_VS99"]
[Black "Malikova777"]
[Result "1-0"]
[WhiteElo "2505"]
[BlackElo "2297"]
[TimeControl "180+1"]
[EndTime "9:32:45 PST"]
[Termination "FM_VS99 won on time"]

1. Nf3 Nf6 2. g3 g6 3. Bg2 Bg7 4. O-O O-O 5. c4 c5 6. d4 cxd4 7. Nxd4 Nc6 8. Nc3 a6 9. b3 Nxd4 10. Qxd4 d6 11. Bb2 Nd7 12. Qd2 Nc5 13. b4 Ne6 14.
Rac1 Rb8 15. a3 b5 16. cxb5 axb5 17. Nd5 Bb7 18. h4 Bxb2 19. Qxb2 Ng7 20. e4 f5 21.
Rfe1 fxe4 22. Bxe4 e6 23. Nf4 Bxe4 24. Rxe4 e5 25. Nd5 Kh8 26. Qd2 Rc8 27. Rd1 Ne6 28. Qh6 Nd4 29. Rdxd4 Rc2 30. Ne3 Rfxf2 31. Rxe5 Rc1+ 32.
Kxf2 1-0

[Event "Early-Titled-Tuesday-Blitz-January-16-2024"]
[Site "Chess.com"]
[Date "2024.01.16"]
[Round "8"]
[White "sansanathalia"]
[Black "NM_Antelacus"]
[Result "0-1"]
[WhiteElo "2374"]
[BlackElo "2176"]
[TimeControl "180+1"]
[EndTime "9:32:45 PST"]
[Termination "NM_Antelacus won on time"]

1. d4 Nf6 2. e3 e6 3. Nf3 b6 4.
Be2 Bb7 5. O-O Be7 6. b3 O-O 7. Bb2 c5 8. Nbd2 d5 9. c4 Nc6 10.
cxd5 exd5 11. Rc1 Rc8 12. Ne5 Nxe5 13. dxe5 Ne8 14. f4 f5 15. exf6 Bxf6 16. Bxf6 Nxf6 17. Nf3 Ng4 18. Qd3 Qe7 19. Rfe1 Qxe3+ 20. Qxe3 Nxe3 21. Bd3 d4 22. Ne5 Rxf4 23. g3 Rf6 24. Rxe3 dxe3 25. Bc4+ Kh8 26. Nf7+ Rxf7 27. Bxf7 Rf8 28. Bc4 Re8 29.
Rd1 g6 30. Re1 Kg7 31. h3 Kf6 32. Kh2 Re7 33. g4 g5 34. Kg3 h6 35. Rf1+ Ke5 36. Rd1 Be4 37. Re1 Kd4 38. Rd1+ Kc3 39. Re1 Bb7 40.
Re2 a6 41. a4 Kb4 42. Re1 b5 43. axb5 axb5 44. Bg8 c4 45. bxc4 bxc4 46. Rb1+ Kc5 47. Rc1 Bd5 48. Bxd5 Kxd5 49. Rd1+ Kc5 50. Re1 c3 51.
Kf3 Kd4 52. Ke2 c2 53. Rc1 Kc3 54. Re1 Kb2 0-1

[Event "Early-Titled-Tuesday-Blitz-January-16-2024"]
[Site "Chess.com"]
[Date "2024.01.16"]
[Round "8"]
[White "Jumbo"]
[Black "sergoy"]
[Result "0-1"]
[WhiteElo "2929"]
[BlackElo "3017"]
[TimeControl "180+1"]
[EndTime "9:32:47 PST"]
[Termination "sergoy won by resignation"]

1. d4 d5 2. c4 c6 3. Nf3 Nf6 4. Qb3 dxc4 5. Qxc4 Bg4 6. Qb3 Qb6 7. Nbd2 e6 8. Nc4 Qa6 9. e3 b5 10. Nce5 Qb7 11.
Nxg4 Nxg4 12. Be2 Nd7 13. O-O Ngf6 14. Bd2 a6 15. a4 b4 16. Rfc1 c5 17. a5 Be7 18.
dxc5 Nxc5 19. Qc4 Rb8 20. Nd4 O-O 21. Bf3 Nfe4 22. Be1 Rfc8 23. Nb3 Nxb3 24. Qxb3 Qd5 25. Qxd5 exd5 26. Rd1 Rc5 27. Ra4 b3 28. Rb4 Rbc8 29.
Rxb3 g6 30. Rbd3 Bf6 31. b4 Rb5 32. g4 Nc3 33. Bxc3 Bxc3 34. Rxd5 Rxd5 35. Rxd5 Bxb4 36. Be2 Rc5 37. Rd8+ Kg7 38. Bxa6 Bxa5 39. Kg2 h5 40. h3 Bxd8 41. Be2 h4 0-1

[Event "Early-Titled-Tuesday-Blitz-January-16-2024"]
[Site "Chess.com"]
[Date "2024.01.16"]
[Round "8"]
[White "FairChess_on_YouTube"]
[Black "PLAYER_2006_M"]
[Result "1-0"]
[WhiteElo "3098"]
[BlackElo "2906"]
[TimeControl "180+1"]
[EndTime "9:32:49 PST"]
[Termination "FairChess_on_YouTube won by resignation"]

1. Nf3 Nf6 2. c4 e6 3. g3 d5 4.
Bg2 Be7 5. O-O O-O 6. d4 dxc4 7. Qa4 a6 8. Qxc4 b5 9. Qc2 Bb7 10. Bd2 Be4 11. Qc1 Bb7 12. Rd1 Qc8 13. Bg5 Nbd7 14. Nbd2 c5 15. a4 c4 16. Ne5 Bxg2 17. Kxg2 Nxe5 18.
dxe5 Nd5 19. Bxe7 Nxe7 20. Ne4 Qc6 21. Qe3 Rfd8 22. Qf3 h6 23. Rd6 Rxd6 24. exd6 Nd5 25. axb5 axb5 26. Rxa8+ Qxa8 27. Nc5 Qc6 28. d7 Qd6 29. e4 Nb6 30. e5 Qc7 31. Qd1 Nxd7 32. Nxd7 b4 33. Qd6 Qb7+ 34. Kh3 Qf3 35. Qb8+ Kh7 36. Nf8+ Kg8 37. Nxe6+ Kh7 38. Nf8+ Kg8 39. Ng6+ Kh7 40. Ne7 h5 41. Qg8+ 1-0

[Event "Early-Titled-Tuesday-Blitz-January-16-2024"]
[Site "Chess.com"]
[Date "2024.01.16"]
[Round "8"]
[White "Byniolus"]
[Black "Caroexpert"]
[Result "1-0"]
[WhiteElo "2755"]
[BlackElo "2561"]
[TimeControl "180+1"]
[EndTime "9:32:49 PST"]
[Termination "Byniolus won by resignation"]

1. e4 c6 2. d4 d5 3. exd5 cxd5 4. Bd3 Nf6 5. c3 Bg4 6. Qb3 Qc7 7. Na3 Nc6 8. h3 Bh5 9. Bf4 Qd7 10. Ne2 e6 11. O-O Be7 12. Bh2 Bg6 13. Nf4 O-O 14. Bxg6 hxg6 15. Nd3 Ne4 16. Rfe1 Nd2 17. Qd1 Ne4 18. Nc2 Bd6 19. Bxd6 Qxd6 20. Ne3 Rac8 21.
Ng4 Qc7 22. Qf3 Ne7 23. Nge5 f6 24. Ng4 Nf5 25. Qf4 Qf7 26. f3 g5 27. Qc1 Ned6 28.
Qd2 Nc4 29. Qf2 Rfe8 30. Re2 b6 31. Rae1 Re7 32. a3 Rce8 33. Nb4 Rc7 34. Nxd5 Rd7 35. Nb4 a5 36. Nc2 Ncd6 37. Nce3 Ne7 38. h4 Ng6 39. hxg5 Nf4 40. Rd2 Nf5 41. gxf6 gxf6 42.
Nxf5 exf5 43. Nh6+ Kg7 44. Nxf7 Kxf7 1-0

[Event "Early-Titled-Tuesday-Blitz-January-16-2024"]
[Site "Chess.com"]
[Date "2024.01.16"]
[Round "8"]
[White "SharapovEvgeny"]
[Black "Vazabanga"]
[Result "0-1"]
[WhiteElo "2544"]
[BlackElo "2693"]
[TimeControl "180+1"]
[EndTime "9:32:49 PST"]
[Termination "Vazabanga won on time"]

1. e4 c5 2. Nf3 d6 3. d4 cxd4 4. Nxd4 Nf6 5. Nc3 Nc6 6. g3 e5 7. Nb3 Bg4 8. f3 Be6 9. g4 d5 10. g5 d4 11. gxf6 Qxf6 12. Nd5 Qh4+ 13. Ke2 Rc8 14.
Bd2 Ne7 15. Be1 Qh5 16. Nxe7 Bxe7 17. Bg2 Qg5 18. Kf1 Rc6 19. h4 Qh5 20. Bg3 Bc4+ 21. Kf2 Rg6 22. Nd2 Be6 23. Nf1 f5 24. exf5 Bxf5 25. Bxe5 O-O 26. Qxd4 Bxc2 27. Ng3 Rxg3 28. Kxg3 Bf5 29. Rad1 b6 30. b4 g5 31. Qd5+ Rf7 32.
Bd6 gxh4+ 33. Kf2 Bg5 34. Qa8+ Kg7 35. Be5+ Kh6 36. Qc6+ Bg6 37. Rd6 Qg4 38. Rxg6+ hxg6 39. Qd6 Qf5 0-1

[Event "Early-Titled-Tuesday-Blitz-January-16-2024"]
[Site "Chess.com"]
[Date "2024.01.16"]
[Round "8"]
[White "Chiquitita23"]
[Black "Maxfan2008"]
[Result "1-0"]
[WhiteElo "2306"]
[BlackElo "2477"]
[TimeControl "180+1"]
[EndTime "9:32:50 PST"]
[Termination "Chiquitita23 won by resignation"]

1. e4 c5 2. c3 d5 3. exd5 Qxd5 4. Nf3 Nc6 5. d4 Bg4 6. Be2 e6 7. Na3 Nf6 8. O-O Be7 9. h3 Bh5 10. Bf4 O-O 11. Nc2 Rfd8 12. Ne3 Qe4 13. Bc7 Rd7 14. Nd2 Bxe2 15. Qxe2 Qg6 16. Be5 cxd4 17. cxd4 Nxd4 18. Bxd4 Rxd4 19. Nf3 Re4 20. Rac1 Nd5 21. Qb5 Nb6 22.
Rc7 Bf6 23. Rfc1 h6 24. Rxb7 Rd8 25. Rxa7 Nd5 26. Nxd5 Rxd5 27. Ra8+ Kh7 28. Qe8 Qh5 29. Qg8+ Kg6 30. Ra7 Kf5 31. Rxf7 Rd8 32. Qh7+ Kf4 33. Qxg7 Re5 34. Qg3+ Ke4 35. Re1+ Kd3 36. Rxf6 Rf5 37. Rxf5 Kc2 38. Rxh5 Rd1 39. Kh2 Rxe1 40. Re5 Rxe5 41. Qxe5 Kb1 42. Qxe6 Ka1 43. Qxh6 Kb1 44. Qg5 Ka1 45. Qf5 1-0

[Event "Early-Titled-Tuesday-Blitz-January-16-2024"]
[Site "Chess.com"]
[Date "2024.01.16"]
[Round "8"]
[White "CSB7"]
[Black "TrahtarBelarus"]
[Result "1-0"]
[WhiteElo "2715"]
[BlackElo "2878"]
[TimeControl "180+1"]
[EndTime "9:32:51 PST"]
[Termination "CSB7 won by resignation"]

1. d4 Nf6 2. c4 g6 3. f3 d5 4.
cxd5 Nxd5 5. e4 Nb6 6. Nc3 Bg7 7.
Be3 O-O 8. Qd2 e5 9. d5 c6 10. h4 cxd5 11. exd5 N8d7 12. h5 Nf6 13. hxg6 fxg6 14.
O-O-O Bd7 15. Kb1 Rc8 16. Ka1 e4 17. Bh6 Na4 18. Bxg7 Kxg7 19. Nxe4 h5 20. Ne2 Qb6 21. N2c3 Qb4 22. Bd3 Nxe4 23. Nxe4 Qxd2 24. Rxd2 Nc5 25. Nxc5 Rxc5 26. Be4 Rfc8 27. b3 Kf6 28. Kb2 a5 29. Re1 b5 30. d6 b4 31. Bd5 Re8 32.
Rxe8 Bxe8 33. Bc4 Bd7 34. a4 h4 35. Bb5 Bxb5 36. axb5 Rc8 37. d7 Rd8 38. b6 Ke6 39.
b7 Ke7 40. Rd5 g5 41. Kc1 Ke6 42. Rd2 Ke7 43. Kd1 Ke6 44. Rd4 Ke5 45. b8=Q+ Rxb8 46. d8=Q 1-0

[Event "Early-Titled-Tuesday-Blitz-January-16-2024"]
[Site "Chess.com"]
[Date "2024.01.16"]
[Round "8"]
[White "TigrVShlyape"]
[Black "Njal28"]
[Result "0-1"]
[WhiteElo "2935"]
[BlackElo "3028"]
[TimeControl "180+1"]
[EndTime "9:32:52 PST"]
[Termination "Njal28 won on time"]

1. d4 Nf6 2. Bf4 c5 3. e3 e6 4. c3 b6 5. Nd2 Bb7 6. Ngf3 Nc6 7. h3 Be7 8. Bd3 O-O 9. O-O d5 10. Ne5 Nd7 11. Nxc6 Bxc6 12. a3 b5 13. Re1 a5 14.
Qg4 Nf6 15. Qf3 b4 16. axb4 axb4 17. Bg5 Qc7 18. cxb4 c4 19. Bc2 Qb6 20. e4 h6 21.
Bh4 Qxd4 22. Qc3 Qb6 23. exd5 Nxd5 24. Qxc4 Bxh4 25. Qxh4 Qxb4 26. Qe4 Qxe4 27. Bxe4 Rab8 28. Nc4 Nb4 29. Bxc6 Nxc6 30. Ra6 Nb4 31. Ra7 Nc6 32. Ra6 Nd4 33. Rd6 Nf5 34. Rd7 Rb4 35. Re4 h5 36. g4 hxg4 37. hxg4 Nh4 38. Kh2 Nf3+ 39. Kg2 Ng5 40.
Red4 f6 41. f4 Nf7 42. Re7 e5 43. Re4 Rc8 0-1

[Event "Early-Titled-Tuesday-Blitz-January-16-2024"]
[Site "Chess.com"]
[Date "2024.01.16"]
[Round "8"]
[White "Lady_Nika"]
[Black "garfield_pg"]
[Result "1/2-1/2"]
[WhiteElo "2578"]
[BlackElo "2424"]
[TimeControl "180+1"]
[EndTime "9:32:52 PST"]
[Termination "Game drawn by repetition"]

1. d4 d5 2. e3 Nf6 3. f4 Bf5 4.
Nf3 e6 5. Bd3 c5 6. c3 Nc6 7. O-O Bd6 8. Ne5 O-O 9. Qc2 Bxd3 10. Qxd3 Ne4 11. Nd2 f5 12. Nxc6 bxc6 13. Nxe4 fxe4 14.
Qe2 Rb8 15. b3 Qa5 16. Bd2 Qb5 17. Qg4 Rf5 18. Rf2 cxd4 19. exd4 c5 20. Be3 Qd3 21. Qh3 c4 22. bxc4 Qxc4 23. g4 Rf7 24. Rc1 Rbf8 25. f5 exf5 26. gxf5 Qd3 27. Kh1 Kh8 28. a4 Rb7 29. f6 gxf6 30. Rg1 Rb1 31. Rg2 Rxg1+ 32. Rxg1 Qc4 33. Qh6 Qc7 34. Rg2 Qf7 35. Bf4 Bxf4 36. Qxf4 Rg8 37. Rxg8+ Kxg8 38. Qb8+ Kg7 39. Qg3+ Qg6 40.
Qc7+ Qf7 41. Qg3+ Kf8 42. Qb8+ Kg7 43. Qg3+ 1/2-1/2

[Event "Early-Titled-Tuesday-Blitz-January-16-2024"]
[Site "Chess.com"]
[Date "2024.01.16"]
[Round "8"]
[White "alexrustemov"]
[Black "YurasovMat-2012"]
[Result "0-1"]
[WhiteElo "2830"]
[BlackElo "2605"]
[TimeControl "180+1"]
[EndTime "9:32:54 PST"]
[Termination "YurasovMat-2012 won on time"]

1. d4 d5 2. c4 c6 3. Nc3 Nf6 4. e3 Bf5 5. cxd5 cxd5 6. Qb3 Nc6 7. Qxb7 Bd7 8. Qb3 Rb8 9. Qd1 e5 10. Nge2 Bd6 11. dxe5 Nxe5 12. Nf4 O-O 13. Be2 Re8 14.
O-O Bc6 15. b3 Qa5 16. Bb2 Rbd8 17. a3 Ng6 18. Nxg6 hxg6 19. Bf3 Be5 20. Qd3 d4 21. exd4 Rxd4 22. Qxd4 Bxd4 23. Bxc6 Rc8 24. b4 Qe5 25.
Rae1 Qb8 26. b5 Ng4 27. g3 Ne5 28. Ba1 Rxc6 29. bxc6 Nf3+ 30. Kg2 Nxe1+ 31. Rxe1 Qd6 32. Re8+ Kh7 33. Rc8 Qe6 34. Rc7 Bb6 35. Rd7 Qxc6+ 36.
Rd5 Ba5 37. Kg1 Bxc3 38. Rd1 Qf3 39. Rf1 Bxa1 40. Rxa1 a5 41. a4 Qc3 42. Rd1 Qc4 43. Ra1 g5 44. h3 f5 45. Kg2 f4 46. gxf4 gxf4 47. Ra3 Qe4+ 48. Kg1 f3 49. Kh2 Qf4+ 50. Kg1 Qc1+ 0-1